 Dungeon Crawl Stone Soup version 0.31-a0-1469-gd420192249 (webtiles) character file.

Game seed: 5817631466569015169

48776 bjtr the Covert (level 14, -16/70 HPs)
             Began as a Vine Stalker Enchanter on Dec 28, 2023.
             Was an Elder of Vehumet.
             Killed from afar by a fire giant (50 damage)
             ... with a fireball
             ... on level 15 of the Dungeon on Dec 29, 2023.
             The game lasted 02:03:45 (16968 turns).

bjtr the Covert (Vine Stalker Enchanter)           Turns: 16968, Time: 02:03:46

Health: -16/70     AC: 12    Str: 19    XL:     14   Next: 47%
Magic:  0/30       EV: 18    Int: 24    God:    Vehumet [****..]
Gold:   832        SH:  5    Dex: 20    Spells: 8/35 levels left

rFire   . . .        a - +3 short sword (speed)
rCold   . . .        (no shield)
rNeg    + . .        K - +0 steam dragon scales
rPois   .            k - +2 hat
rElec   .            x - +2 cloak
rCorr   .            y - -2 pair of gloves of Refuge {Will+++ Int+3 Dex+6}
SInv    .            t - +2 pair of boots
Will    ++++.        s - amulet of reflection
Stlth   ++++++       v - ring of wizardry
HPRegen 1.11/turn    Y - ring of Birch {rN+ Str+6 Int+2}
MPRegen 0.22/turn

%: reflection, guardian spirit, wizardry (x1)
@: no status effects
A: fangs 3, regeneration 1, magic shield, antimagic bite, no potion heal 2
a: Renounce Religion


You were on level 15 of the Dungeon.
You worshipped Vehumet.
Vehumet was greatly pleased with you.
You visited 2 branches of the dungeon, and saw 16 of its levels.

You collected 832 gold pieces.

Inventory:

Hand Weapons
 a - a +3 short sword of speed (weapon)
 C - a +4 scimitar of flaming
 T - the +0 falchion "Vihohi" {freeze, rElec rCorr Str+3}
   (You found it on level 9 of the Dungeon)

   Str+3:     It affects your strength (+3).
   rElec:     It insulates you from electricity.
   rCorr:     It protects you from acid and corrosion.
Missiles
 i - 52 poisoned darts
 p - 8 javelins
 F - 3 curare-tipped darts (quivered)
Armour
 k - a +2 hat (worn)
 r - a +2 pair of gloves
 t - a +2 pair of boots (worn)
 x - a +2 cloak (worn)
 y - the -2 pair of gloves of Refuge (worn) {Will+++ Int+3 Dex+6}
   (You found it on level 10 of the Dungeon)

   Int+3:     It affects your intelligence (+3).
   Dex+6:     It affects your dexterity (+6).
   Will+++:   It greatly increases your willpower.
 z - a +0 pair of gloves of hurling
 E - a +2 leather armour of poison resistance
 H - a +0 troll leather armour
 I - a +0 kite shield
 K - +0 steam dragon scales (worn)
 M - a scarf of shadows
 R - the +18 Lear's hauberk
   (You found it on level 10 of the Dungeon)
 U - a +2 robe of resistance
Jewellery
 s - an amulet of reflection (around neck)
 u - an amulet of regeneration
 v - a ring of wizardry (left hand)
 Y - the ring of Birch (right hand) {rN+ Str+6 Int+2}
   (You found it on level 11 of the Dungeon)

   [ring of strength]

   Str+6:     It affects your strength (+6).
   Int+2:     It affects your intelligence (+2).
   rN+:       It protects you from negative energy.
Talismans
 D - the maw talisman "Maetozun" {Will+ Stlth+}
   (You found it on level 12 of the Dungeon)

   [maw talisman]

   Will+:     It increases your willpower.
   Stlth+:    It makes you more stealthy.
Wands
 o - a wand of iceblast (26)
 A - a wand of mindburst (4)
 N - a wand of digging (5)
 V - a wand of paralysis (11)
Scrolls
 e - a scroll of vulnerability
 f - 2 scrolls of teleportation
 l - 2 scrolls of revelation
 B - 2 scrolls of fear
 G - 2 scrolls of torment
 O - a scroll of poison
 W - 4 scrolls of fog
Potions
 b - 2 potions of curing
 c - a potion of lignification {unknown}
 d - 3 potions of attraction
 g - 3 potions of ambrosia
 h - 4 potions of cancellation
 m - 3 potions of might
 q - a potion of mutation {unknown}
 w - a potion of resistance
 L - 2 potions of enlightenment
 P - 3 potions of berserk rage
 Q - a potion of haste {unknown}
Miscellaneous
 j - a phantom mirror (inert)
 n - a phial of floods


   Skills:
 + Level 6.8 Fighting
 - Level 10.0 Short Blades
 + Level 8.7 Dodging
 + Level 13.9 Stealth
 + Level 0.4 Shields
 + Level 11.1 Spellcasting
 + Level 7.7 Conjurations
 + Level 5.9 Hexes
 + Level 1.0 Fire Magic
 + Level 2.2 Ice Magic
 + Level 2.7 Air Magic
 + Level 3.4 Earth Magic
 + Level 4.3 Alchemy


You had 8 spell levels left.
You knew the following spells:

 Your Spells              Type           Power      Damage    Failure   Level
a - Ensorcelled Hibernat  Hex/Ice        66%        N/A       1%          2
b - Confusing Touch       Hex            41%        N/A       1%          3
c - Tukima's Dance        Hex            41%        N/A       1%          3
d - Mephitic Cloud        Conj/Alch/Air  37%        N/A       1%          3
e - Dazzling Flash        Conj/Hex       92%        N/A       1%          3
f - Inner Flame           Hex/Fire       30%        N/A       1%          3
g - Freezing Cloud        Conj/Ice/Air   16%        6-21      2%          5
h - Lee's Rapid Deconstr  Erth           14%        3d9*      3%          5

Your spell library contained the following spells:

 Spells                   Type           Power      Damage    Failure   Level
 Magic Dart               Conj           100%       1d8       1%          1
 Jinxbite                 Hex            82%        N/A       1%          2
 Mercury Vapours          Alch/Air       60%        N/A       1%          2
 Searing Ray              Conj           100%       2d8       1%          2
 Fulminant Prism          Conj/Alch      21%        3d12      1%          4
 Yara's Violent Unravell  Hex/Alch       19%        3d9       1%          5
 Gell's Gravitas          Tloc           13%        N/A       6%          3
 Teleport Other           Tloc           13%        N/A       6%          3
 Alistair's Intoxication  Alch           22%        N/A       9%          5
 Enfeeble                 Hex            20%        N/A       77%         7
 Dispersal                Tloc           6%         N/A       94%         6
 Malign Gateway           Summ/Tloc      6%         N/A       100%        7
 Summon Horrible Things   Summ           6%         N/A       100%        8


Dungeon Overview and Level Annotations

Branches:
Dungeon (15/15)            Temple (1/1) D:7            Lair (0/5) D:8
    Orc (0/2) D:12         Vaults (0/5) D:13         Depths (0/4) D:15

Altars:
Ashenzari
Cheibriados
Dithmenos
Elyvilon
Fedhas
Gozag
Hepliaklqana
Kikubaaqudgha
Makhleb
Nemelex Xobeh
Okawaru
Qazlal
Ru
Sif Muna
Trog
Uskayaw
Vehumet
Wu Jian
Xom
Yredelemnul
Zin
The Shining One

Shops:
D:1 [

Annotations:
D:11 3 runed translucent doors, Sundig's ghost, journeyman OpFi


Innate Abilities, Weirdness & Mutations

You have razor-sharp teeth.
Your natural rate of healing is unusually fast.
When hurt, damage is shared between your health and your magic reserves.
Your bite disrupts and absorbs the magic of your enemies.
Potions cannot restore your health.


Message History

Aiming: Mephitic Cloud (safe; 1% risk of failure)
Press: ? - help, Shift-Dir - straight line, f - fire giant
Aim: a fire giant, wielding a +1 great sword of flaming (freezing vapour, lightly wounded, chance to affect: 24%)
The ball explodes into a vile cloud!
The stinking cloud engulfs the fire giant.
The fire giant is lightly wounded.
The fire giant is engulfed in freezing vapours.
The fire giant is engulfed in freezing vapours.
Things that are here:
a +0 hand axe; a +0 leather armour; a meliai corpse Unknown command.
Aiming: Mindburst
Press: ? - help, Shift-Dir - straight line, f/p - fire giant
Aim: a fire giant, wielding a +1 great sword of flaming (freezing vapour, moderately wounded, chance to affect: 16%)
Okay, then.
Aiming: Iceblast
Press: ? - help, Shift-Dir - straight line, f/p - fire giant
Aim: a fire giant, wielding a +1 great sword of flaming (freezing vapour, moderately wounded)
The mass of ice explodes!
The iceblast engulfs the fire giant.
The fire giant is moderately wounded.
The fire giant is engulfed in freezing vapours.
A tengu conjurer comes into view.
Unknown command.
Aiming: Iceblast
Press: ? - help, Shift-Dir - straight line, f/p - fire giant
Aim: a fire giant, wielding a +1 great sword of flaming (freezing vapour, moderately wounded)
The mass of ice explodes!
The iceblast engulfs the fire giant!
The fire giant is heavily wounded.
The fire giant is engulfed in freezing vapours.
Aiming: Iceblast
Press: ? - help, Shift-Dir - straight line, f/p - fire giant
Aim: a fire giant, wielding a +1 great sword of flaming (freezing vapour, heavily wounded)
The mass of ice explodes!
The iceblast engulfs the fire giant!
The fire giant is severely wounded.
A water elemental comes into view.
The fire giant is engulfed in freezing vapours.
The fire giant gestures at you while chanting.
The fireball explodes!
The fireball engulfs you!!!
Ouch! That really hurt!
You die...

§≈§.§§§≈................
≈○§§..≈≈.... ########..#
≈§§§§≈§#... #..#
≈.§§§.≈≈..# #..#
§≈§§C≈≈≈..# #..#
#≈≈○☼§#§..###########..#
≈≈§#§§≈≈................
......(.................
....)(.@#########..#####
##...............^!####
.Q.......)...).........
~#....#################
###.. #.. E#. ≈≈


You could see a fire giant, a water elemental and a tengu conjurer.

Vanquished Creatures
  Frances (D:13)
  A stone giant (D:14)
  Nessos (D:13)
  Snorg (D:11)
  A yaktaur captain (D:14)
  3 hydras (D:13)
  4 centaur warriors
  Harold (D:11)
  8 two-headed ogres
  3 tengu warriors
  3 boulder beetles
  An occultist (D:11)
  Urug (D:11)
  Sonja (D:13)
  A fire crab (D:14)
  9 skeletal warriors
  A deep elf archer (D:14)
  3 deep elf pyromancers (D:13)
  12 ugly things
  3 cyclopes (D:14)
  4 manticores
  3 meliai (D:15)
  Maggie (D:6)
  An unseen horror (shapeshifter) (D:14)
  3 kobold demonologists
  2 unseen horrors
  A freezing wraith (D:14)
  A komodo dragon (D:12)
  2 efreet (D:14)
  A yaktaur (shapeshifter) (D:12)
  A tengu conjurer (D:14)
  2 trolls
  A polar bear (shapeshifter) (D:15)
  Prince Ribbit (D:5)
  4 slime creatures (D:10)
  A centaur simulacrum (D:14)
  18 yaks
  A water elemental (D:12)
  A vampire (D:10)
  A wraith (D:10)
  A shadow (D:10)
  3 vampire mosquitoes (D:9)
  5 steam dragons
  Menkaure (D:5)
  2 acid dragons (D:11)
  6 water moccasins
  Duvessa (D:4)
  2 black bears (D:8)
  8 orc warriors
  4 boggarts (D:14)
  5 centaurs
  6 kobold brigands
  5 bullfrogs
  3 gnoll sergeants
  2 scorpions
  A wight (D:9)
  Dowan (D:4)
  11 killer bees
  4 electric eels (D:12)
  4 howler monkeys
  3 bombardier beetles
  2 sleepcaps (D:8)
  3 hounds
  18 orc priests
  Crazy Yiuf (D:3)
  Ijyb (D:5)
  2 iguanas
  12 orc wizards
  Terence (D:2)
  18 gnolls
  8 adders
  3 white imps
  2 worms
  2 dart slugs
  53 orcs
  5 ball pythons
  5 endoplasms
  2 giant cockroaches (D:3)
  5 goblins
  4 hobgoblins
  19 kobolds
  4 quokkas
  4 bats
  3 frilled lizards
  5 rats
369 creatures vanquished.

Vanquished Creatures (collateral kills)
  2 wights (D:9)
  An orc (D:8)
3 creatures vanquished.

Vanquished Creatures (others)
  A wight (D:8)
  An orc (D:8)
2 creatures vanquished.

Grand Total: 374 creatures vanquished

Notes
Turn   | Place    | Note
-------+----------+-------------------------------------------
     0 | D:1      | bjtr the Vine Stalker Enchanter began the quest for the
                  | Orb.
     0 | D:1      | Reached XP level 1. HP: 9/9 MP: 4/4
   103 | D:1      | Reached XP level 2. HP: 13/13 MP: 4/6
   194 | D:1      | Found Zujazado's Armour Shop.
   639 | D:2      | Got Sif Muna's Octavo of Reformation and Assaults
   668 | D:2      | Found a faded altar of an unknown god.
   745 | D:2      | Noticed Terence
   751 | D:2      | Killed Terence
   752 | D:2      | Reached skill level 1 in Short Blades
   752 | D:2      | Reached skill level 4 in Stealth
   752 | D:2      | Reached XP level 3. HP: 17/17 MP: 7/7
   893 | D:2      | Reached XP level 4. HP: 15/21 MP: 5/8
  1343 | D:3      | Found a runed translucent door.
  1347 | D:3      | Learned a level 2 spell: Ensorcelled Hibernation
  1351 | D:3      | Learned a level 3 spell: Confusing Touch
  1351 | D:3      | Noticed Crazy Yiuf
  1503 | D:3      | Reached skill level 1 in Fighting
  1512 | D:2      | Reached skill level 5 in Stealth
  1558 | D:3      | Reached XP level 5. HP: 17/25 MP: 5/9
  2093 | D:3      | Reached XP level 6. HP: 29/30 MP: 10/10
  2101 | D:3      | Learned a level 3 spell: Tukima's Dance
  2257 | D:3      | Killed Crazy Yiuf
  2393 | D:4      | Found a burning altar of Makhleb.
  2445 | D:4      | Found a sparkling altar of Nemelex Xobeh.
  2589 | D:4      | Found a basalt altar of Yredelemnul.
  2635 | D:4      | Found a snail-covered altar of Cheibriados.
  2780 | D:4      | Noticed Duvessa
  2803 | D:4      | Killed Duvessa
  2804 | D:4      | Reached XP level 7. HP: 35/35 MP: 12/12
  2808 | D:4      | Noticed Dowan
  2824 | D:4      | Killed Dowan
  3058 | D:5      | Entered Level 5 of the Dungeon
  3104 | D:5      | Found a blossoming altar of Fedhas.
  3138 | D:5      | Noticed Menkaure
  3166 | D:5      | Killed Menkaure
  3184 | D:5      | Found a radiant altar of Vehumet.
  3192 | D:5      | Became a worshipper of Vehumet
  3296 | D:5      | Noticed Ijyb
  3403 | D:5      | Learned a level 3 spell: Mephitic Cloud
  3467 | D:5      | Killed Ijyb
  3744 | D:5      | Reached skill level 6 in Stealth
  3744 | D:5      | Gained mutation: You have razor-sharp teeth. [Vine Stalker
                  | growth]
  3744 | D:5      | Reached XP level 8. HP: 39/39 MP: 14/14
  3909 | D:5      | Noticed Prince Ribbit
  3916 | D:5      | Killed Prince Ribbit
  4587 | D:6      | Reached skill level 7 in Stealth
  5022 | D:6      | Learned a level 3 spell: Dazzling Flash
  5330 | D:6      | Reached * piety under Vehumet
  5330 | D:6      | Offered knowledge of Kiss of Death by Vehumet.
  5331 | D:6      | Reached skill level 5 in Dodging
  5472 | D:6      | Noticed Maggie
  5489 | D:6      | Killed Maggie
  5490 | D:6      | Reached skill level 8 in Stealth
  5490 | D:6      | Reached XP level 9. HP: 44/44 MP: 14/16
  5615 | D:7      | Found a shimmering blue altar of Sif Muna.
  5753 | D:7      | Reached skill level 5 in Short Blades
  5756 | D:7      | Reached skill level 1 in Conjurations
  5763 | D:7      | Reached skill level 9 in Stealth
  5766 | D:7      | Reached skill level 1 in Alchemy
  5795 | D:7      | Found an iron altar of Okawaru.
  5811 | D:7      | Offered knowledge of Static Discharge by Vehumet.
  5848 | D:7      | Found a bloodstained altar of Trog.
  5898 | D:7      | Reached ** piety under Vehumet
  5992 | D:7      | Found a staircase to the Ecumenical Temple.
  6004 | Temple   | Entered the Ecumenical Temple
  6505 | D:8      | Reached skill level 10 in Stealth
  6505 | D:8      | Reached XP level 10. HP: 47/49 MP: 11/17
  6695 | D:8      | Offered knowledge of Inner Flame by Vehumet.
  6700 | D:8      | Learned a level 3 spell: Inner Flame
  6743 | D:8      | Reached skill level 11 in Stealth
  6870 | D:8      | Reached skill level 5 in Spellcasting
  6926 | D:8      | Reached *** piety under Vehumet
  7018 | D:8      | Found a staircase to the Lair.
  7141 | D:8      | Upgraded the game from 0.31-a0-1447-g87ca8d402b to
                  | 0.31-a0-1469-gd420192249
  7429 | D:9      | Identified the +0 falchion "Vihohi" {freeze, rElec rCorr
                  | Str+3}
  7459 | D:9      | Noticed a boulder beetle
  7472 | D:9      | Killed a boulder beetle
  7493 | D:9      | Reached XP level 11. HP: 49/54 MP: 17/20
  7535 | D:9      | Found an ornate altar of the Wu Jian Council.
  7535 | D:9      | Found a broken altar of Ashenzari.
  7536 | D:9      | Found a stormy altar of Qazlal.
  7632 | D:9      | Noticed a two-headed ogre
  7645 | D:9      | Killed a two-headed ogre
  7711 | D:9      | Offered knowledge of Volatile Blastmotes by Vehumet.
  7829 | D:9      | Reached skill level 12 in Stealth
  8329 | D:10     | Entered Level 10 of the Dungeon
  8331 | D:10     | Noticed a two-headed ogre
  8526 | D:10     | Found a shadowy altar of Dithmenos.
  8570 | D:10     | Noticed a tengu warrior
  8595 | D:10     | Killed a tengu warrior
  8596 | D:10     | Reached skill level 5 in Fighting
  8903 | D:10     | Killed a two-headed ogre
  8928 | D:10     | Got the -2 pair of gloves of Refuge {Will+++ Int+3 Dex+6}
  8952 | D:10     | Noticed a two-headed ogre
  8970 | D:10     | Killed a two-headed ogre
  9149 | D:10     | Found the +18 Lear's hauberk
  9329 | D:10     | Learned a level 5 spell: Freezing Cloud
  9626 | D:11     | Noticed a manticore
  9635 | D:11     | Killed a manticore
  9635 | D:11     | Reached **** piety under Vehumet
  9686 | D:11     | Identified the ring of Birch {rN+ Str+6 Int+2}
  9757 | D:11     | Offered knowledge of Irradiate by Vehumet.
  9798 | D:11     | Reached XP level 12. HP: 49/60 MP: 14/22
 10082 | D:11     | Noticed a two-headed ogre
 10090 | D:11     | Killed a two-headed ogre
 10135 | D:11     | Noticed an occultist
 10141 | D:11     | Noticed Urug
 10148 | D:11     | Killed an occultist
 10156 | D:11     | Killed Urug
 10303 | D:11     | Found a runed translucent gate.
 10303 | D:11     | Found a runed translucent gate.
 10303 | D:11     | Found a runed translucent gate.
 10308 | D:11     | Noticed Sundig's ghost (journeyman OpFi)
 10393 | D:11     | Noticed Snorg
 10393 | D:11     | Noticed Harold
 10420 | D:11     | Killed Harold
 10421 | D:11     | Reached skill level 13 in Stealth
 10421 | D:11     | Killed Snorg
 10865 | D:12     | Reached ***** piety under Vehumet
 10886 | D:12     | Identified the maw talisman "Maetozun" {Will+ Stlth+}
 11033 | D:12     | Offered knowledge of Lee's Rapid Deconstruction by Vehumet.
 11233 | D:12     | Reached skill level 5 in Hexes
 11720 | D:12     | Found a staircase to the Orcish Mines.
 11812 | D:13     | Noticed a centaur warrior
 11815 | D:13     | Killed a centaur warrior
 11861 | D:13     | Noticed a centaur warrior
 11868 | D:13     | Killed a centaur warrior
 11893 | D:13     | Noticed a boulder beetle
 11906 | D:13     | Killed a boulder beetle
 11907 | D:13     | Reached skill level 5 in Conjurations
 11988 | D:13     | Noticed an eight-headed hydra
 11992 | D:13     | Noticed a tengu warrior
 11996 | D:13     | Killed an eight-headed hydra
 12024 | D:13     | Killed a tengu warrior
 12025 | D:13     | Reached XP level 13. HP: 29/65 MP: 9/26
 12168 | D:13     | Noticed Sonja
 12173 | D:13     | Noticed Nessos
 12189 | D:13     | Killed Sonja
 12191 | D:13     | Killed Nessos
 12297 | D:13     | Noticed Frances
 12312 | D:13     | Killed Frances
 12571 | D:13     | Found a gate to the Vaults.
 13135 | D:14     | Reached skill level 1 in Air Magic
 13502 | D:14     | Reached skill level 1 in Ice Magic
 13698 | D:14     | Reached skill level 10 in Spellcasting
 14038 | D:14     | Learned a level 5 spell: Lee's Rapid Deconstruction
 14429 | D:14     | Reached XP level 14. HP: 63/70 MP: 18/29
 14429 | D:14     | Found a stormy altar of Qazlal.
 14521 | D:14     | Reached skill level 1 in Fire Magic
 14606 | D:14     | Reached skill level 1 in Earth Magic
 16501 | D:14     | Noticed a stone giant
 16512 | D:14     | Killed a stone giant
 16513 | D:14     | Reached skill level 10 in Short Blades
 16811 | D:15     | Entered Level 15 of the Dungeon
 16846 | D:15     | Found a staircase to the Depths.
 16853 | D:15     | Noticed a fire giant
 16968 | D:15     | Killed from afar by a fire giant

Illustrated notes

Levels and vault maps discovered:
D:1:      moated_graveyard_arrival, layout_rooms, serial_shops,
          nicolae_shop_hallway_plus, hangedman_glass_teeth
D:2:      layout_rooms, hellmonk_ecumenical_altar_pennies_from_heaven,
          minmay_increasing_density, uniq_terence
D:3:      layout_rooms, uniq_crazy_yiuf_cottage
D:4:      layout_rooms, mainiacjoe_overflow_cross_hatched,
          amethyst_overflow_temple_binary, nemelex_diamond_rough_becter,
          uniq_duvessa
D:5:      layout_basic, fedhas_altar_2, nicolae_vehumet_radiance,
          serial_co_window_serial, co_window_paths_b, co_window_corner_a,
          co_window_paths_a, co_window_of_opportunity_a, co_window_paths_b,
          co_window_paths_a, co_window_paths_b, co_window_corner_a,
          co_window_of_opportunity_a, co_window_unsneaky_path_c,
          co_window_paths_c, uniq_ijyb, uniq_prince_ribbit1, uniq_menkaure
D:6:      layout_basic, grunt_ministairs_1, uniq_maggie
D:7:      layout_gridville, amcnicky_altar_gilded, okawaru_trees_1,
          lightli_temple_of_fire, minmay_temple_entry_statues_pillars
D:8:      layout_rooms, due_lair_maze_entry_diamond, minmay_circle_x
D:9:      layout_rooms, chequers_temple_overflow_statue_of_worship
D:10:     layout_rooms, mainiacjoe_overflow_six_doors_small,
          hellmonk_guarded_unrand_lears
D:11:     layout_roguey, gammafunk_ghost_spectres, uniq_urug, uniq_snorg,
          uniq_harold
D:12:     layout_gridville, erik_orc_2
D:13:     layout_basic, david_vaults_1, uniq_nessos, uniq_sonja, uniq_frances
D:14:     minmay_shrinking_squares, layout_basic, glass_columns_a,
          nicolae_qazlal_general_emergency
D:15:     grunt_enter_depths_giant_problem, layout_long_grid, minivault_4,
          serial_shops, nicolae_shop_hallway_stairs, nicolae_shop_crystal,
          uniq_kirke
Temple:   kb_temple_of_zot

Skill      XL: |  1  2  3  4  5  6  7  8  9 10 11 12 13 14 |
---------------+-------------------------------------------+-----
Dodging        | 2 3 4 5 6 7 8 |  8.7
Short Blades   | 1 2 3 4 5 6 7 8 9 10 | 10.0
Stealth        | 4 5 6 8 10 11 12 13 | 13.9
Fighting       | 1 2 3 4 5 6 |  6.8
Spellcasting   | 3 4 5 6 8 10 11 | 11.1
Hexes          | 4 5 |  5.9
Conjurations   | 1 2 3 5 7 |  7.7
Alchemy        | 1 2 3 4 |  4.3
Air Magic      | 1 2 |  2.7
Ice Magic      | 1 2 |  2.2
Fire Magic     | 1 |  1.0
Earth Magic    | 3 |  3.4
Shields        | |  0.4

Action                     |  1- 3 |  4- 6 |  7- 9 | 10-12 | 13-15 || total
---------------------------+-------+-------+-------+-------+-------++-------
  Melee: Dagger            |    88 |   266 |   343 |   234 |       ||   931
         Bite              |    22 |    75 |   104 |   273 |    61 ||   535
         Punch             |       |     2 |     3 |    21 |     2 ||    28
         Short sword       |       |       |       |   502 |   124 ||   626
  Throw: Dart              |       |       |       |    14 |     6 ||    20
         Throwing net      |       |       |       |       |     3 ||     3
         Javelin           |       |       |       |       |     2 ||     2
   Cast: Confusing Touch   |       |     8 |     3 |     1 |     2 ||    14
         Ensorcelled Hiber |       |     4 |       |       |       ||     4
         Tukima's Dance    |       |     1 |       |     8 |     1 ||    10
         Mephitic Cloud    |       |       |    12 |    38 |    14 ||    64
         Inner Flame       |       |       |       |     2 |    15 ||    17
         Freezing Cloud    |       |       |       |    42 |    58 ||   100
         Dazzling Flash    |       |       |       |     1 |     3 ||     4
         Lee's Rapid Decon |       |       |       |       |    36 ||    36
  Evoke: Wand              |       |       |       |       |     8 ||     8
         Phantom mirror    |       |       |       |       |     1 ||     1
    Use: Scroll            |       |     9 |     5 |     9 |     7 ||    30
         Potion            |       |       |       |     1 |     3 ||     4
   Stab: Sleeping          |     7 |     3 |     9 |     5 |     3 ||    27
         Confused          |       |     4 |    13 |    26 |     2 ||    45
         Distracted        |       |       |     1 |       |       ||     1
         Invisible         |       |       |       |     1 |     1 ||     2
 Armour: Robe              |    39 |    64 |       |       |       ||   103
         Leather armour    |       |    90 |   186 |   227 |       ||   503
         Steam dragon scal |       |       |       |   139 |    89 ||   228
  Dodge: Dodged            |    65 |   145 |   170 |   368 |    60 ||   808
  Block: Other             |       |       |       |     8 |    12 ||    20
         Reflection        |       |       |       |     2 |     2 ||     4

Table legend: (Time is in decaauts)
 A = Elapsed time spent in this place.
 B = Non-inter-level travel time spent in this place.
 C = Inter-level travel time spent in this place.
 D = Time resting spent in this place.
 E = Time spent auto-exploring this place.
 F = Levels seen in this place.
 G = Mean time per level.
                   A        B        C        D        E       F      G
               +--------+--------+--------+--------+--------+-----+--------+
         Total |  16438 |  15275 |   1163 |   2786 |   8256 |  16 | 1027.4 |
       Dungeon |  16416 |  15262 |   1154 |   2786 |   8256 |  15 | 1094.4 |
        Temple |     21 |     12 |      9 |      0 |      0 |   1 |   21.0 |
               +--------+--------+--------+--------+--------+-----+--------+

Top non-repeatable levels by time:
    D:14: 2897 daAuts
    D:13: 1903 daAuts
     D:6: 1321 daAuts
     D:5: 1242 daAuts
    D:12: 1101 daAuts
    D:10: 1049 daAuts
    D:11: 1044 daAuts
     D:7: 946 daAuts
     D:2: 898 daAuts
     D:3: 865 daAuts
     D:9: 854 daAuts
     D:8: 786 daAuts
     D:4: 720 daAuts
     D:1: 631 daAuts
    D:15: 154 daAuts
